TOP OF THE 1ST |
Brooklyn Dodgers batting - Pitching for Las Vegas Flamingos : LHP Isaaka Ienimea
|
Pitching: LHP Isaaka Ienimea
|
|
Batting: RHB Quindarious Monday
|
0-0: Ball 1-0: Ball 2-0: Swinging Strike 2-1: Foul Ball, location: 2F 2-2: Ground out 5-3 (Groundball, 56S, EV 87.5 MPH)
|
Batting: SHB Koryusai Ohayashi
|
0-0: Ball 1-0: Called Strike 1-1: Called Strike 1-2: Foul Ball, location: 2F 1-2: Fly out, F7 (Flyball, 78S, EV 95.6 MPH)
|
Batting: LHB Tony Wonder
|
0-0: SINGLE (Line Drive, 8LS, EV 88.8 MPH)
|
Batting: RHB Bill Chaundler
|
0-0: Ball 1-0: Called Strike Tony Wonder steals 2nd, throwing error, E2 Tony Wonder to third 1-1: Ball 2-1: Ball 3-1: Base on Balls
|
Batting: RHB Phil Sherman
|
0-0: Called Strike 0-1: Called Strike 0-2: Strikes out swinging
|
Top of the 1st over - 0 runs, 1 hit, 1 error, 2 left on base; Brooklyn 0 - Las Vegas 0 |
BOTTOM OF THE 1ST |
Las Vegas Flamingos batting - Pitching for Brooklyn Dodgers : LHP Holden Rosen Grupp
|
Pitching: LHP Holden Rosen Grupp
|
|
Batting: RHB Sake van Arem
|
0-0: Foul Ball, location: 2F 0-1: Foul Ball, location: 2F 0-2: Strikes out swinging
|
Batting: RHB Eric Deweese
|
0-0: SINGLE (Groundball, 6D, EV 107.5 MPH)
|
Batting: RHB Esteban León
|
0-0: Fly out, F3 (Popup, 3SF, EV 83.8 MPH)
|
Batting: LHB Chan-ho Shinn
|
0-0: Foul Ball, location: 2F 0-1: 2-RUN HOME RUN (Flyball, 9D, EV 90.6 MPH), Distance : 374 ft
|
Batting: LHB Adrián Gómez
|
0-0: Called Strike 0-1: Ball 1-1: Called Strike 1-2: Foul Ball, location: 2F 1-2: Ball 2-2: Fly out, F7 (Flyball, 78M, EV 88.1 MPH)
|
Bottom of the 1st over - 2 runs, 2 hits, 0 errors, 0 left on base; Brooklyn 0 - Las Vegas 2 |
TOP OF THE 2ND |
Brooklyn Dodgers batting - Pitching for Las Vegas Flamingos : LHP Isaaka Ienimea
|
Batting: SHB Fa-hsien Tze
|
0-0: Ball 1-0: Called Strike 1-1: Foul Ball, location: 2F 1-2: Ball 2-2: Strikes out swinging
|
Batting: LHB Aaron Day
|
0-0: Called Strike 0-1: Swinging Strike 0-2: Ball 1-2: Fly out, F7 (Flyball, 7S, EV 73.8 MPH)
|
Batting: RHB Fytor Ceia
|
0-0: Ground out 1-3 (Groundball, 15S, EV 72.5 MPH)
|
Top of the 2nd over - 0 runs, 0 hits, 0 errors, 0 left on base; Brooklyn 0 - Las Vegas 2 |
BOTTOM OF THE 2ND |
Las Vegas Flamingos batting - Pitching for Brooklyn Dodgers : LHP Holden Rosen Grupp
|
Batting: LHB Lewis N. Clark
|
0-0: Ball 1-0: Foul Ball, location: 2F 1-1: Foul Ball, location: 2F 1-2: Ground out U3 (Groundball, 3S, EV 70.0 MPH)
|
Batting: LHB Joo-Chan Park
|
0-0: Called Strike 0-1: Swinging Strike 0-2: Strikes out swinging
|
Batting: LHB Dirk Horwedel
|
0-0: Called Strike 0-1: Ball 1-1: Ball 2-1: Swinging Strike 2-2: Fly out, F8 (Line Drive, 8RD, EV 94.4 MPH)
|
Bottom of the 2nd over - 0 runs, 0 hits, 0 errors, 0 left on base; Brooklyn 0 - Las Vegas 2 |
TOP OF THE 3RD |
Brooklyn Dodgers batting - Pitching for Las Vegas Flamingos : LHP Isaaka Ienimea
|
Batting: RHB Germán Espantoso
|
0-0: SINGLE (Line Drive, 34, EV 101.9 MPH)
|
Batting: RHB Quindarious Monday
|
0-0: Ground out 4-3 (Groundball, 4S, EV 68.8 MPH) Germán Espantoso to second
|
Batting: SHB Koryusai Ohayashi
|
0-0: Called Strike Germán Espantoso steals 3rd base 0-1: Ball 1-1: Called Strike 1-2: Ball 2-2: Strikes out swinging
|
Batting: LHB Tony Wonder
|
0-0: Called Strike 0-1: Foul Ball, location: 2F 0-2: Ground out 5-3 (Groundball, 5, EV 76.9 MPH)
|
Top of the 3rd over - 0 runs, 1 hit, 0 errors, 1 left on base; Brooklyn 0 - Las Vegas 2 |
BOTTOM OF THE 3RD |
Las Vegas Flamingos batting - Pitching for Brooklyn Dodgers : LHP Holden Rosen Grupp
|
Batting: LHB Cisco Hernández
|
0-0: DOUBLE (Line Drive, 9LM, EV 109.4 MPH)
|
Batting: RHB Sake van Arem
|
0-0: Ball 1-0: SINGLE (Groundball, 56D, EV 96.9 MPH) Cisco Hernández to third
|
Batting: RHB Eric Deweese
|
0-0: Fly out, F4 (Popup, 4MD, EV 47.5 MPH)
|
Batting: RHB Esteban León
|
0-0: Fly out, F9 (Flyball, 9S, EV 78.1 MPH)
|
Batting: LHB Chan-ho Shinn
|
0-0: Ball 1-0: Called Strike 1-1: Ball 2-1: Ball 3-1: Fly out, F3 (Popup, 3S, EV 74.4 MPH)
|
Bottom of the 3rd over - 0 runs, 2 hits, 0 errors, 2 left on base; Brooklyn 0 - Las Vegas 2 |
TOP OF THE 4TH |
Brooklyn Dodgers batting - Pitching for Las Vegas Flamingos : LHP Isaaka Ienimea
|
Batting: RHB Bill Chaundler
|
0-0: Called Strike 0-1: Swinging Strike 0-2: Ground out 2-3 (Groundball, 13S, EV 67.5 MPH)
|
Batting: RHB Phil Sherman
|
0-0: Ball 1-0: Fly out, F9 (Flyball, 9LD, EV 107.5 MPH)
|
Batting: SHB Fa-hsien Tze
|
0-0: Fly out, F3 (Popup, 3F, EV 60.6 MPH)
|
Top of the 4th over - 0 runs, 0 hits, 0 errors, 0 left on base; Brooklyn 0 - Las Vegas 2 |
BOTTOM OF THE 4TH |
Las Vegas Flamingos batting - Pitching for Brooklyn Dodgers : LHP Holden Rosen Grupp
|
Batting: LHB Adrián Gómez
|
0-0: SINGLE (Line Drive, 6MD, EV 95.0 MPH)
|
Batting: LHB Lewis N. Clark
|
0-0: Called Strike 0-1: Called Strike 0-2: Ball 1-2: Ball 2-2: Grounds into double play, 6-4-3 (Groundball, 6, EV 103.1 MPH)
|
Batting: LHB Joo-Chan Park
|
0-0: Called Strike 0-1: DOUBLE (Line Drive, 78D, EV 106.2 MPH)
|
Batting: LHB Dirk Horwedel
|
0-0: Ball 1-0: Foul Ball, location: 2F 1-1: Ball 2-1: Foul Ball, location: 2F 2-2: Foul Ball, location: 2F 2-2: Strikes out swinging
|
Bottom of the 4th over - 0 runs, 2 hits, 0 errors, 1 left on base; Brooklyn 0 - Las Vegas 2 |
TOP OF THE 5TH |
Brooklyn Dodgers batting - Pitching for Las Vegas Flamingos : LHP Isaaka Ienimea
|
Batting: LHB Aaron Day
|
0-0: Swinging Strike 0-1: Foul Ball, location: 2F 0-2: Strikes out swinging
|
Batting: RHB Fytor Ceia
|
0-0: Ball 1-0: Foul Ball, location: 2F 1-1: Swinging Strike 1-2: Fly out, F8 (Flyball, 8RD, EV 103.8 MPH)
|
Batting: RHB Germán Espantoso
|
0-0: Ground out 6-3 (Groundball, 6, EV 90.6 MPH)
|
Top of the 5th over - 0 runs, 0 hits, 0 errors, 0 left on base; Brooklyn 0 - Las Vegas 2 |
BOTTOM OF THE 5TH |
Las Vegas Flamingos batting - Pitching for Brooklyn Dodgers : LHP Holden Rosen Grupp
|
Batting: LHB Cisco Hernández
|
0-0: Ball 1-0: Ball 2-0: Ball 3-0: Ground out 5-3 (Groundball, 56, EV 111.9 MPH)
|
Batting: RHB Sake van Arem
|
0-0: Foul Ball, location: 2F 0-1: Ball 1-1: Foul Ball, location: 2F 1-2: Ball 2-2: Ball 3-2: SINGLE (Groundball, 56D, EV 98.8 MPH)
|
Batting: RHB Eric Deweese
|
0-0: Ball 1-0: Reached on error, E6 (Groundball, 6M, EV 86.2 MPH) Sake van Arem to second
|
Batting: RHB Esteban León
|
0-0: Ball 1-0: Foul Ball, location: 2F 1-1: Swinging Strike 1-2: Ball 2-2: Strikes out swinging
|
Batting: LHB Chan-ho Shinn
|
0-0: Called Strike 0-1: Called Strike 0-2: Ball 1-2: Strikes out looking
|
Bottom of the 5th over - 0 runs, 1 hit, 1 error, 2 left on base; Brooklyn 0 - Las Vegas 2 |
TOP OF THE 6TH |
Brooklyn Dodgers batting - Pitching for Las Vegas Flamingos : LHP Isaaka Ienimea
|
Batting: RHB Quindarious Monday
|
0-0: Ball 1-0: Ball 2-0: Ball 3-0: Called Strike 3-1: Foul Ball, location: 2F 3-2: SINGLE (Groundball, 6D, EV 98.1 MPH)
|
Batting: SHB Koryusai Ohayashi
|
0-0: Called Strike 0-1: Ball 1-1: Ball 2-1: Ball 3-1: Foul Ball, location: 2F 3-2: DOUBLE (Line Drive, 9LM, EV 106.9 MPH) Quindarious Monday to third Runner from 3rd tries for Home, SAFE, throw by RF to home
|
Batting: LHB Tony Wonder
|
0-0: Called Strike 0-1: Fly out, F2 (Popup, 25F, EV 86.2 MPH)
|
Batting: RHB Bill Chaundler
|
0-0: Ground out 3-1 (Groundball, 34, EV 108.1 MPH) Koryusai Ohayashi to third
|
Batting: RHB Phil Sherman
|
0-0: Ball 1-0: Ground out 5-3 (Groundball, 56S, EV 93.8 MPH)
|
Top of the 6th over - 1 run, 2 hits, 0 errors, 1 left on base; Brooklyn 1 - Las Vegas 2 |
BOTTOM OF THE 6TH |
Las Vegas Flamingos batting - Pitching for Brooklyn Dodgers : LHP Holden Rosen Grupp
|
Batting: LHB Adrián Gómez
|
0-0: Called Strike 0-1: Foul Ball, location: 2F 0-2: Ball 1-2: Ball 2-2: SINGLE (Line Drive, 6MD, EV 94.4 MPH)
|
Batting: LHB Lewis N. Clark
|
0-0: Sac Bunt to 13S - play at first, batter OUT! 1-4 Adrián Gómez to second
|
Batting: LHB Joo-Chan Park
|
0-0: Ball 1-0: Called Strike 1-1: Foul Ball, location: 2F 1-2: Foul Ball, location: 2F 1-2: Ball 2-2: Strikes out swinging
|
Batting: LHB Dirk Horwedel
|
0-0: Swinging Strike 0-1: Foul Ball, location: 2F 0-2: Foul Ball, location: 2F 0-2: Foul Ball, location: 2F 0-2: SINGLE (Line Drive, 4M, EV 106.2 MPH) Adrián Gómez to third Runner from 3rd tries for Home, SAFE, throw by CF to home
|
Batting: LHB Cisco Hernández
|
0-0: Ball 1-0: Ball 2-0: Ground out U3 (Groundball, 3, EV 89.4 MPH)
|
Bottom of the 6th over - 1 run, 2 hits, 0 errors, 1 left on base; Brooklyn 1 - Las Vegas 3 |
TOP OF THE 7TH |
Brooklyn Dodgers batting - Pitching for Las Vegas Flamingos : LHP Isaaka Ienimea
|
Batting: SHB Fa-hsien Tze
|
0-0: Ball 1-0: Ball 2-0: Foul Ball, location: 2F 2-1: Ball 3-1: Foul Ball, location: 2F 3-2: Reached on error, E9 (Line Drive, 9, EV 101.9 MPH)
|
Batting: LHB Aaron Day
|
0-0: Ball 1-0: Called Strike 1-1: SINGLE (Line Drive, 78S, EV 98.8 MPH) Fa-hsien Tze to third Runner from 3rd tries for Home, SAFE, no throw by LF
|
Pinch Hitting: RHB Carlos Muńóz
|
0-0: Bunt missed! 0-1: Bunted foul 0-2: Ball 1-2: Ball 2-2: Fly out, F7 (Line Drive, 78M, EV 105.6 MPH)
|
Batting: RHB Germán Espantoso
|
0-0: DOUBLE (Line Drive, 7LM, EV 93.1 MPH) Aaron Day to third
|
Pitching: RHP Júlio Rodríguez
|
|
Pinch Hitting: LHB Jung-joon Yi
|
0-0: Ball 1-0: Ball 2-0: Ball 3-0: Called Strike 3-1: Swinging Strike 3-2: Foul Ball, location: 2F 3-2: Foul Ball, location: 2F 3-2: Foul Ball, location: 2F 3-2: Foul Ball, location: 2F 3-2: SINGLE (Groundball, 6D, EV 95.0 MPH) Aaron Day scores Germán Espantoso to third Runner from 3rd tries for Home, SAFE, no throw by LF
|
Batting: SHB Koryusai Ohayashi
|
0-0: Fly out, F8 (Line Drive, 8LM, EV 88.1 MPH)
|
Batting: LHB Tony Wonder
|
0-0: Called Strike 0-1: Fly out, F8 (Line Drive, 8LD, EV 96.9 MPH)
|
Top of the 7th over - 3 runs, 3 hits, 1 error, 1 left on base; Brooklyn 4 - Las Vegas 3 |
BOTTOM OF THE 7TH |
Las Vegas Flamingos batting - Pitching for Brooklyn Dodgers : LHP Holden Rosen Grupp
|
Now at 3B: Carlos Muńóz
|
|
Now at SS: Hugh Hill
|
|
Batting: RHB Sake van Arem
|
0-0: Called Strike 0-1: Swinging Strike 0-2: Foul Ball, location: 2F 0-2: Strikes out swinging
|
Batting: RHB Eric Deweese
|
0-0: Called Strike 0-1: Called Strike 0-2: Ball 1-2: Ball 2-2: Ground out 5-3 (Groundball, 56, EV 83.8 MPH)
|
Batting: RHB Esteban León
|
0-0: DOUBLE (Flyball, 8RXD, EV 92.5 MPH)
|
Batting: LHB Chan-ho Shinn
|
0-0: Called Strike 0-1: Foul Ball, location: 2F 0-2: Ground out 6-3 (Groundball, 6M, EV 97.5 MPH)
|
Bottom of the 7th over - 0 runs, 1 hit, 0 errors, 1 left on base; Brooklyn 4 - Las Vegas 3 |
TOP OF THE 8TH |
Brooklyn Dodgers batting - Pitching for Las Vegas Flamingos : RHP Júlio Rodríguez
|
Batting: RHB Bill Chaundler
|
0-0: SINGLE (Line Drive, 4M, EV 104.4 MPH)
|
Batting: RHB Phil Sherman
|
0-0: Ball 1-0: Called Strike 1-1: Called Strike 1-2: Strikes out swinging
|
Batting: SHB Fa-hsien Tze
|
0-0: Ball 1-0: SINGLE (Line Drive, 7LD, EV 102.5 MPH) Bill Chaundler to second
|
Batting: LHB Aaron Day
|
0-0: Called Strike 0-1: Swinging Strike 0-2: Ball 1-2: Ball 2-2: Ball 3-2: Foul Ball, location: 2F 3-2: Fly out, F7 (Line Drive, 7, EV 91.2 MPH)
|
Batting: RHB Carlos Muńóz
|
0-0: Foul Ball, location: 2F 0-1: Ball 1-1: Ground out 4-3 (Groundball, 4, EV 108.8 MPH)
|
Top of the 8th over - 0 runs, 2 hits, 0 errors, 2 left on base; Brooklyn 4 - Las Vegas 3 |
BOTTOM OF THE 8TH |
Las Vegas Flamingos batting - Pitching for Brooklyn Dodgers : LHP Holden Rosen Grupp
|
Batting: LHB Adrián Gómez
|
0-0: Ball 1-0: Ball 2-0: Swinging Strike 2-1: Swinging Strike 2-2: Strikes out swinging
|
Pitching: RHP Cliff Claven
|
|
Batting: LHB Lewis N. Clark
|
0-0: Called Strike 0-1: Called Strike 0-2: Ball 1-2: Ball 2-2: SINGLE (Groundball, 4D, EV 110.0 MPH)
|
Batting: LHB Joo-Chan Park
|
0-0: Called Strike 0-1: Swinging Strike 0-2: Ball 1-2: Ball 2-2: Ball 3-2: Strikes out swinging
|
Batting: LHB Dirk Horwedel
|
0-0: SINGLE (Groundball, 34D, EV 93.8 MPH) Lewis N. Clark to second Runner from 2nd tries for 3rd, OUT! 9-5
|
Bottom of the 8th over - 0 runs, 2 hits, 0 errors, 1 left on base; Brooklyn 4 - Las Vegas 3 |
TOP OF THE 9TH |
Brooklyn Dodgers batting - Pitching for Las Vegas Flamingos : RHP Júlio Rodríguez
|
Pitching: LHP Takejiro Masuda
|
|
Batting: RHB Germán Espantoso
|
0-0: Ball 1-0: Ground out 5-3 (Groundball, 56, EV 85.6 MPH)
|
Batting: LHB Hugh Hill
|
0-0: Ball 1-0: Called Strike 1-1: Called Strike 1-2: Strikes out swinging
|
Batting: SHB Koryusai Ohayashi
|
0-0: Called Strike 0-1: Called Strike 0-2: Strikes out swinging
|
Top of the 9th over - 0 runs, 0 hits, 0 errors, 0 left on base; Brooklyn 4 - Las Vegas 3 |
BOTTOM OF THE 9TH |
Las Vegas Flamingos batting - Pitching for Brooklyn Dodgers : RHP Cliff Claven
|
Pitching: RHP Ryan Neal
|
|
Batting: LHB Cisco Hernández
|
0-0: SINGLE (Line Drive, 6D, EV 97.5 MPH)
|
Pinch Hitting: LHB Lao Tian
|
0-0: Ball 1-0: Foul Ball, location: 2F 1-1: Foul Ball, location: 2F 1-2: Ball Wild Pitch! Cisco Hernández to second 2-2: Foul Ball, location: 2F 2-2: Foul Ball, location: 2F 2-2: Foul Ball, location: 2F 2-2: Ground out U3 (Groundball, 34, EV 78.8 MPH) Cisco Hernández to third
|
Batting: RHB Eric Deweese
|
0-0: Called Strike 0-1: Fly out, F8 (Flyball, 8RS, EV 88.8 MPH)
|
Batting: RHB Esteban León
|
0-0: Ball 1-0: SINGLE (Groundball, 4MD, EV 98.1 MPH) Cisco Hernández scores
|
Batting: LHB Chan-ho Shinn
|
0-0: Ball 1-0: Foul Ball, location: 2F 1-1: Ground out 4-3 (Groundball, 34D, EV 96.9 MPH)
|
Bottom of the 9th over - 1 run, 2 hits, 0 errors, 1 left on base; Brooklyn 4 - Las Vegas 4 |
TOP OF THE 10TH |
Brooklyn Dodgers batting - Pitching for Las Vegas Flamingos : LHP Takejiro Masuda
|
Now in LF: Owen Sharts
|
|
Batting: LHB Tony Wonder
|
0-0: Foul Ball, location: 2F 0-1: Fly out, F8 (Line Drive, 8RM, EV 87.5 MPH)
|
Batting: RHB Bill Chaundler
|
0-0: Ball 1-0: Foul Ball, location: 2F 1-1: Ball 2-1: Fly out, F9 (Flyball, 9, EV 86.9 MPH)
|
Batting: RHB Phil Sherman
|
0-0: Called Strike 0-1: Ball 1-1: Foul Ball, location: 2F 1-2: Foul Ball, location: 2F 1-2: Ball 2-2: Ball 3-2: Fly out, F8 (Flyball, 8LXD, EV 105.0 MPH)
|
Top of the 10th over - 0 runs, 0 hits, 0 errors, 0 left on base; Brooklyn 4 - Las Vegas 4 |
BOTTOM OF THE 10TH |
Las Vegas Flamingos batting - Pitching for Brooklyn Dodgers : RHP Ryan Neal
|
Batting: LHB Adrián Gómez
|
0-0: Ball 1-0: Foul Ball, location: 2F 1-1: Called Strike 1-2: Fly out, F3 (Popup, 3F, EV 76.9 MPH)
|
Batting: LHB Lewis N. Clark
|
0-0: Called Strike 0-1: Ball 1-1: Ball 2-1: Fly out, F7 (Flyball, 7D, EV 106.9 MPH)
|
Batting: LHB Joo-Chan Park
|
0-0: Foul Ball, location: 2F 0-1: Foul Ball, location: 2F 0-2: Ball 1-2: Strikes out swinging
|
Bottom of the 10th over - 0 runs, 0 hits, 0 errors, 0 left on base; Brooklyn 4 - Las Vegas 4 |
TOP OF THE 11TH |
Brooklyn Dodgers batting - Pitching for Las Vegas Flamingos : LHP Takejiro Masuda
|
Pitching: LHP Javier Desdin
|
|
Batting: SHB Fa-hsien Tze
|
0-0: Ball 1-0: Ball 2-0: Foul Ball, location: 2F 2-1: Ball 3-1: Foul Ball, location: 2F 3-2: Strikes out swinging
|
Batting: LHB Aaron Day
|
0-0: Swinging Strike 0-1: Called Strike 0-2: Ball 1-2: Strikes out looking
|
Pitching: RHP Yoshii Ikeda
|
|
Batting: RHB Carlos Muńóz
|
0-0: Ball 1-0: Ball 2-0: Ground out 5-3 (Groundball, 56, EV 101.9 MPH)
|
Top of the 11th over - 0 runs, 0 hits, 0 errors, 0 left on base; Brooklyn 4 - Las Vegas 4 |
BOTTOM OF THE 11TH |
Las Vegas Flamingos batting - Pitching for Brooklyn Dodgers : RHP Ryan Neal
|
Pitching: RHP Corbin Holling
|
|
Batting: LHB Dirk Horwedel
|
0-0: Ball 1-0: Foul Ball, location: 2F 1-1: Ball 2-1: SINGLE (Groundball, 4MD, EV 101.2 MPH)
|
Batting: LHB Cisco Hernández
|
0-0: Ball 1-0: Sac Bunt to 25 - play at first, batter OUT! 5-4 Dirk Horwedel to second
|
Batting: LHB Owen Sharts
|
0-0: Ball 1-0: Called Strike 1-1: Swinging Strike 1-2: Ball 2-2: Ball 3-2: Ground out 6-3 (Groundball, 6, EV 105.0 MPH)
|
Batting: RHB Eric Deweese
|
0-0: Ball 1-0: Ball 2-0: Ball 3-0: Base on Balls
|
Batting: RHB Esteban León
|
0-0: Ball 1-0: Foul Ball, location: 2F 1-1: Swinging Strike 1-2: Strikes out swinging
|
Bottom of the 11th over - 0 runs, 1 hit, 0 errors, 2 left on base; Brooklyn 4 - Las Vegas 4 |
TOP OF THE 12TH |
Brooklyn Dodgers batting - Pitching for Las Vegas Flamingos : RHP Yoshii Ikeda
|
Pinch Hitting: SHB Peer van Lochem
|
0-0: Swinging Strike 0-1: Swinging Strike 0-2: Ball 1-2: Strikes out swinging
|
Batting: LHB Hugh Hill
|
0-0: Swinging Strike 0-1: Called Strike 0-2: Ball 1-2: Strikes out swinging
|
Batting: SHB Koryusai Ohayashi
|
0-0: Ball 1-0: Ground out 4-3 (Groundball, 4, EV 87.5 MPH)
|
Top of the 12th over - 0 runs, 0 hits, 0 errors, 0 left on base; Brooklyn 4 - Las Vegas 4 |
BOTTOM OF THE 12TH |
Las Vegas Flamingos batting - Pitching for Brooklyn Dodgers : RHP Corbin Holling
|
Now in LF: Peer van Lochem
|
|
Batting: LHB Chan-ho Shinn
|
0-0: Ball 1-0: Foul Ball, location: 2F 1-1: Called Strike 1-2: SOLO HOME RUN (Flyball, 9D, EV 108.1 MPH), Distance : 393 ft
|
|
Tuesday, January 5th, 2021 - OOTP Baseball 20.8 Build 74
|
|